 Dungeon Crawl Stone Soup version 0.22-a0-93-g6b88ebb (webtiles) character file.

179 wazuzu the Ruffian (level 5, 0/38 HPs)
             Began as a Demonspawn Gladiator on Jan 24, 2018.
             Was a Follower of Yredelemnul.
             Slain by Edmund
             ... wielding a +1 flail of protection
              (6 damage)
             ... on level 4 of the Dungeon.
             The game lasted 00:04:45 (2382 turns).

wazuzu the Ruffian (Demonspawn Gladiator)           Turns: 2382, Time: 00:04:46

Health: 0/38       AC:  5    Str: 13 (15) XL:     5   Next: 32%
Magic:  5/5        EV: 12    Int:  7 (10) God:    Yredelemnul [*.....]
Gold:   125        SH:  0    Dex: 12 (14) Spells: 4/4 levels left

rFire    . . .     SeeInvis .     - Unarmed
rCold    + . .     Gourm    .   (no shield)
rNeg     . . .     Faith    .   a - +0 leather armour
rPois    .         Spirit   .   b - +0 helmet
rElec    .         Reflect  .   (no cloak)
rCorr    .         Harm     .   (no gloves)
MR       .....                  f - +0 pair of boots
Stlth    +.........             h - amulet of regeneration
HPRegen  0.52/turn              (no ring)
MPRegen  0.09/turn              (no ring)

@: flying
A: cold resistance 1, powered by death 1, sturdy frame 1
a: Animate Remains, Renounce Religion


You were on level 4 of the Dungeon.
You worshipped Yredelemnul.
Yredelemnul was aware of your devotion.
You were hungry.

You visited 1 branch of the dungeon, and saw 4 of its levels.

You collected 125 gold pieces.

Inventory:

Missiles
 c - 3 throwing nets (quivered)
Armour
 a - a +0 leather armour (worn)
 b - a +0 helmet (worn)
 f - a +0 pair of boots (worn)
Jewellery
 h - an amulet of regeneration (around neck)
Wands
 m - a wand of enslavement (14)
Scrolls
 e - a scroll of enchant weapon {unknown}
 g - 4 scrolls of identify {unknown}
 i - a scroll of teleportation {unknown}
 n - 2 scrolls of remove curse {unknown}
 o - a scroll of enchant armour {unknown}
Potions
 k - a potion of degeneration
Comestibles
 d - 7 rations


   Skills:
 - Level 2.0 Fighting
 - Level 1.7 Throwing
 - Level 2.6 Dodging
 + Level 5.5 Unarmed Combat


You had 4 spell levels left.
You didn't know any spells.

Dungeon Overview and Level Annotations

Branches:
Dungeon (4/15)
 Temple: D:4-7

Altars:
Gozag
Kikubaaqudgha
Yredelemnul

Annotations:
D:4 Edmund


Innate Abilities, Weirdness & Mutations

Your flesh is cold resistant. (rC+)
You regenerate a little health from kills.
Your movements are slightly less encumbered by armour. (ER -2)


Message History

You barely miss Edmund.
Edmund is heavily wounded.
Edmund hits you with a flail of protection.
* * * LOW HITPOINT WARNING * * *
It was a potion of degeneration.
There was something very wrong with that liquid.
You feel weakened.
You feel dopey.
You feel clumsy.
It was a potion of flight.
You feel very buoyant.
You fly up into the air.
Edmund hits you with a flail of protection.
* * * LOW HITPOINT WARNING * * *
You hit Edmund.
Edmund is severely wounded.
Edmund closely misses you.
You barely miss Edmund.
Edmund is severely wounded.
Edmund hits you with a flail of protection.
You die...
Your body rises from the dead as a mindless zombie.

##### #####...#
.......###
#.......#########
#.......@@.......
#<......##.#####.
####....##.####
#).............
#.###.#..###### #
#..#.#....#
#....#.w.#.##.#
#.#...#.#.#.#
?....w.#.# #


You could see Edmund.

Vanquished Creatures
  A bullfrog (D:3)
  3 adders
  2 oozes (D:3)
  A worm (D:3)
  2 dart slugs
  2 leopard geckos (D:4)
  8 orcs (D:3)
  9 bats
  4 giant cockroaches
  3 goblins
  6 hobgoblins
  2 quokkas
  A ball python (D:1)
  11 frilled lizards
  7 kobolds
  4 rats
66 creatures vanquished.

Notes
Turn   | Place    | Note
-------+----------+-------------------------------------------
     0 | D:1      | wazuzu the Demonspawn Gladiator began the quest for the Orb.
     0 | D:1      | Reached XP level 1. HP: 16/16 MP: 1/1
   146 | D:1      | Reached skill level 3 in Unarmed Combat
   164 | D:1      | Gained mutation: You regenerate a little health from kills. [demonic ancestry]
   164 | D:1      | Reached XP level 2. HP: 20/22 MP: 2/2
   772 | D:2      | Gained mutation: Your flesh is cold resistant. (rC+) [demonic ancestry]
   772 | D:2      | Reached XP level 3. HP: 11/27 MP: 3/3
  1045 | D:2      | Reached skill level 4 in Unarmed Combat
  1152 | D:2      | Found an ancient bone altar of Kikubaaqudgha.
  1608 | D:3      | Noticed a bullfrog
  1619 | D:3      | Killed a bullfrog
  1619 | D:3      | Reached skill level 5 in Unarmed Combat
  1619 | D:3      | Reached XP level 4. HP: 17/33 MP: 4/4
  1687 | D:3      | Found a basalt altar of Yredelemnul.
  1696 | D:3      | Became a worshipper of Yredelemnul the Dark
  1806 | D:3      | Gained mutation: Your movements are slightly less encumbered by armour. (ER -2) [demonic ancestry]
  1806 | D:3      | Reached XP level 5. HP: 28/38 MP: 5/5
  2187 | D:3      | Found an opulent altar of Gozag.
  2325 | D:4      | Noticed Edmund
  2351 | D:4      | Reached * piety under Yredelemnul
  2382 | D:4      | Slain by Edmund

Vault maps used:
D:1:      wheals_arrival_shading, minmay_lizard_pond
D:2:      old_standard_altar, minmay_bisected
D:3:      lemuel_coloured_pillars_altar, old_standard_altar,
          kennysheep_generic_room_4
D:4:      lemuel_doored_altar, kennysheep_mini, amethyst_overflow_temple_binary,
          serial_shops, shop, uniq_edmund

Skill      XL: |  1  2  3 |
---------------+----------+-----
Unarmed Combat | 3 5 |  5.5
Fighting       | |  2.0
Throwing       | |  1.7
Dodging        | |  2.6

Action                   |  1- 3 |  4- 6 || total
-------------------------+-------+-------++-------
Melee: Unarmed           |   157 |   114 ||   271
       Punch             |     3 |     2 ||     5
  Use: Potion            |     1 |     2 ||     3
  Eat: Chunk             |     2 |     2 ||     4
Armor: Leather armour    |    56 |    40 ||    96
Dodge: Dodged            |    94 |    82 ||   176

Table legend:
 A = Spawn XP
 B = Non-spawn XP
 C = Spawn XP percentage of total XP
 D = Spawn monster count
 E = Non-spawn monster count
 F = Spawn count percentage of total count
 G = Total turns spent on level
                    A         B        C        D         E        F      G
               +---------+---------+-------+---------+---------+-------+---------
         Total |       0 |     256 |   0.0 |       0 |      66 |   0.0 |  2382
               +---------+---------+-------+---------+---------+-------+---------
           D:1 |       0 |      31 |   0.0 |       0 |      21 |   0.0 |   607
           D:2 |       0 |      56 |   0.0 |       0 |      20 |   0.0 |   983
           D:3 |       0 |     163 |   0.0 |       0 |      23 |   0.0 |   727
           D:4 |       0 |       6 |   0.0 |       0 |       2 |   0.0 |    65
               +---------+---------+-------+---------+---------+-------+---------
